 Dungeon Crawl Stone Soup version 0.31-a0-149-g3fdcc5976a (webtiles) character file.

Game seed: 1547510133567866082

103 porpoise the Chopper (level 4, -2/41 HPs)
             Began as a Hill Orc Fighter on June 8, 2023.
             Slain by Grinder (6 damage)
             ... while paralysed by Grinder
             ... on level 3 of the Dungeon.
             The game lasted 00:05:48 (1999 turns).

porpoise the Chopper (Hill Orc Fighter)             Turns: 1999, Time: 00:05:49

Health: -2/41      AC:  9    Str: 20    XL:     4   Next: 79%
Magic:  4/4        EV:  2    Int:  8    God:
Gold:   149        SH:  0    Dex: 10    Spells: 3/3 levels left

rFire   + . .        a - +0 war axe
rCold   + . .        c - +0 buckler
rNeg    . . .        l - +0 scale mail
rPois   +            e - +0 helmet
rElec   +            j - +0 cloak
rCorr   +            (no gloves)
SInv    .            (no boots)
Will    .....        (no amulet) Stlth
                     f - +4 ring of slaying
HPRegen 0.26/turn    (no ring)
MPRegen 0.09/turn

%: no passive effects
@: confused, paralysed, resistant, ambrosia-drunk
A: no striking features
a: no special abilities


You were on level 3 of the Dungeon.
You visited 1 branch of the dungeon, and saw 3 of its levels.

You collected 149 gold pieces.

Inventory:

Hand Weapons
 a - a +0 war axe (weapon)
 b - a +0 sling
Missiles
 m - 6 poisoned darts
Armour
 c - a +0 buckler (worn)
 e - a +0 helmet (worn)
 j - a +0 cloak (worn)
 l - a +0 scale mail (worn)
Jewellery
 f - a +4 ring of slaying (left hand)
Scrolls
 g - a scroll of silence {unknown}
 n - a scroll of teleportation {unknown}
 o - a scroll of torment {unknown}
 p - a scroll of enchant armour {unknown}
Potions
 h - 2 potions of resistance
 i - a potion of ambrosia
 k - a potion of lignification {unknown}


   Skills:
 + Level 4.7 Fighting
 * Level 5.4 Axes
 - Level 3.2 Armour
 - Level 3.2 Shields


You had 3 spell levels left.
You didn't know any spells.
Your spell library contained the following spells:

 Spells                   Type           Power      Damage    Failure   Level
 Borgnjor's Revivificati  Necr           0%         N/A       100%        8
 Necromutation            Tmut/Necr      0%         N/A       100%        8
 Death's Door             Necr           0%         N/A       100%        9


Dungeon Overview and Level Annotations

Branches:
Dungeon (3/15)

Altars:
Wu Jian

Shops:
D:2 [

Annotations:
D:3 Grinder


Message History

You suddenly lose the ability to move!
Grinder gestures at you. Pain shoots through your body!
* * * LOW HITPOINT WARNING * * *
Grinder hits you but does no damage. Grinder gestures at you.
You shrug off the repeated paralysis!
Grinder hits you but does no damage.
You can move again.
You slash Grinder!
Grinder is almost dead.
Grinder gestures at you. Pain shoots through your body!
* * * LOW HITPOINT WARNING * * *
You closely miss Grinder.
Grinder is almost dead.
Grinder gestures at you.
You shrug off the repeated paralysis!
You closely miss Grinder.
Grinder is almost dead.
Grinder hits you.
* * * LOW HITPOINT WARNING * * *
You writhe in agony.
* * * LOW HITPOINT WARNING * * *
Unknown command.
You closely miss Grinder.
Grinder is almost dead.
Grinder barely misses you. You block Grinder's attack.
It was a potion of resistance.
You feel protected. Grinder hits you but does no damage.
It was a potion of ambrosia.
You are confused.
You feel invigorated. Grinder gestures at you.
You suddenly lose the ability to move!
Grinder hits you!
* * * LOW HITPOINT WARNING * * *
You writhe in agony.
You die...

#.......##..≈≈≈≈≈≈≈§≈..#
#.......# #.......§....#
#.......# ###.†..###...#
#.......# #..).....###
##.......# ##.#######
#......#.# #.#
#..##[.#.# #.#
###......#.######5#
................@.#
###..#...#.########
#.###....# ##########
#..#...### #........#
###### ##....##
#.######.###.....
###...# #.# #.....####
#...# #.#### ####### #
#...# #....# #
#...########.###########


You could see Grinder.

Vanquished Creatures
  Terence (D:2)
  An adder (D:3)
  2 worms
  3 dart slugs
  4 ball pythons
  6 bats
  4 endoplasms
  5 goblins
  2 hobgoblins
  4 jackals (D:1)
  4 quokkas
  2 frilled lizards
  11 kobolds
  7 rats
56 creatures vanquished.

Notes
Turn   | Place    | Note
-------+----------+-------------------------------------------
     0 | D:1      | porpoise the Hill Orc Fighter began the quest for the Orb.
     0 | D:1      | Reached XP level 1. HP: 19/19 MP: 1/1
    34 | D:1      | Reached skill level 3 in Axes
    87 | D:1      | Reached XP level 2. HP: 25/27 MP: 2/2
   309 | D:1      | Reached skill level 4 in Axes
   311 | D:1      | Reached XP level 3. HP: 33/33 MP: 3/3
   842 | D:2      | Noticed Terence
   857 | D:2      | Killed Terence
   858 | D:2      | Reached skill level 5 in Axes
   858 | D:2      | Reached XP level 4. HP: 37/41 MP: 4/4
  1045 | D:2      | Found Laamp's Armour Shop.
  1789 | D:3      | Noticed Grinder
  1830 | D:3      | Paralysed by Grinder for 4 turns
  1835 | D:3      | Found an ornate altar of the Wu Jian Council.
  1858 | D:3      | Paralysed by Grinder for 4 turns
  1981 | D:3      | Paralysed by Grinder for 3 turns
  1988 | D:3      | Paralysed by Grinder for 5 turns
  1995 | D:3      | HP: 2/41 [Grinder (6)]
  1998 | D:3      | Paralysed by Grinder for 3 turns
  1999 | D:3      | Slain by Grinder

Illustrated notes

Levels and vault maps discovered:
D:1:      erik_arrival_blinker_ship, layout_loops_cross
D:2:      layout_loops_cross, serial_shops, shop, uniq_terence
D:3:      layout_loops_cross, mainiacjoe_overflow_brackets, grunt_ministairs_11,
          mrwooster_statue_mirror, kennysheep_cluttered_room, uniq_grinder

Skill      XL: |  1  2  3 |
---------------+----------+-----
Axes           | 3 4 5 |  5.4
Fighting       | 4 |  4.7
Armour         | |  3.2
Shields        | |  3.2

Action                     |  1- 3 |  4- 6 || total
---------------------------+-------+-------++-------
  Melee: War axe           |    77 |    45 ||   122
   Fire: Sling             |       |    12 ||    12
    Use: Potion            |       |     3 ||     3
 Armour: Scale mail        |    25 |    22 ||    47
  Dodge: Dodged            |    32 |    16 ||    48
  Block: Buckler           |    15 |    14 ||    29

Table legend: (Time is in decaauts)
 A = Elapsed time spent in this place.
 B = Non-inter-level travel time spent in this place.
 C = Inter-level travel time spent in this place.
 D = Time resting spent in this place.
 E = Time spent auto-exploring this place.
 F = Levels seen in this place.
 G = Mean time per level.
                   A        B        C        D        E       F      G
               +--------+--------+--------+--------+--------+-----+--------+
         Total |   2038 |   1975 |     63 |    136 |   1381 |   3 |  679.3 |
       Dungeon |   2038 |   1975 |     63 |    136 |   1381 |   3 |  679.3 |
               +--------+--------+--------+--------+--------+-----+--------+

Top non-repeatable levels by time:
     D:2: 698 daAuts
     D:1: 688 daAuts
     D:3: 651 daAuts
